Long Beach Ice Dogs vs Abbotsford Heat
Created - Friday, April 7, 2023 at 07:30
Goals
|
| Long Beach Ice Dogs |
2 |
0 |
1 |
3 |
| Abbotsford Heat |
2 |
2 |
1 |
5 |
|
Shots
|
| Long Beach Ice Dogs |
15 |
11 |
16 |
42 |
| Abbotsford Heat |
10 |
5 |
12 |
27 |
|
1st period
1. Long Beach Ice Dogs , Victor Rask 8 (Zack Kassian 7, Alex Galchenyuk 7) at 8:40 (PP)
2. Long Beach Ice Dogs , Gabriel Vilardi 15 (Brendan Gallagher 15, Mark Pysyk 10) at 10:27
3. Abbotsford Heat , Cole Sillinger 14 (Rafael Harvey-Pinard 13) at 11:09
4. Abbotsford Heat , Bobby Brink 17 (Cole Perfetti 13) at 18:15
Penalties :
Filip Chlapik (ABH) for Tripping (Minor) at 6:43, Rafael Harvey-Pinard (ABH) for Hooking (Minor) at 15:23
2nd period
5. Abbotsford Heat , Jacob Peterson 2 (Benoit-Olivier Groulx 4) at 12:50
6. Abbotsford Heat , Bobby Brink 18 (Vincent Desharnais 7) at 19:44
Penalties :
Zack Kassian (TRM) for Hooking (Minor) at 0:14, Brendan Gallagher (TRM) for Hooking (Minor) at 15:59
3rd period
7. Abbotsford Heat , Bobby Brink 19 (Cole Perfetti 14) at 3:07 (PP)
8. Long Beach Ice Dogs , Riley Stillman 1 (Zack Kassian 8, William Lagesson 7) at 12:01 (PP)
Penalties :
Zack Kassian (TRM) for Roughing (Minor) at 2:53, Mathieu Olivier (TRM) for Tripping (Minor) at 4:07, Dennis Gilbert (ABH) for Hooking (Minor) at 6:50, Cole Sillinger (ABH) for Hooking (Minor) at 11:52, Yakov Trenin (ABH) for Fighting (Major) at 12:45, Riley Stillman (TRM) for Fighting (Major) at 12:45, Ryan Merkley (ABH) for Tripping (Minor) at 13:44
Goalie Stats
Lukas Dostal (TRM), 22 saves from 27 shots - (0.815), L, 0-3-0, 60:00 minutes
Pheonix Copley (ABH), 39 saves from 42 shots - (0.929), W, 7-8-1, 60:00 minutes
Players Stats for Long Beach Ice Dogs
Player Name G A P +/- PIM S H SB GA TA FO MP PP MP PK MP
------------------------------------------------------------------------------------
Alex Galchenyuk 0 1 1 -1 0 3 1 0 0 0 1/1 16:19 3:34 0:30
Brendan Gallagher 0 1 1 0 2 4 1 1 3 0 3/4 20:26 4:24 2:11
Darren Helm 0 0 0 0 0 4 3 1 0 0 3/4 21:20 4:24 3:01
Gabriel Vilardi 1 0 1 0 0 2 2 0 1 0 7/18 21:11 4:24 3:05
Jansen Harkins 0 0 0 -2 0 2 0 1 0 1 0/0 11:51 0:00 0:00
Jujhar Khaira 0 0 0 0 0 1 0 0 1 0 0/0 7:49 0:05 0:00
Justin Schultz 0 0 0 -1 0 2 2 1 1 0 0/0 24:03 4:21 3:13
Logan Brown 0 0 0 -2 0 2 1 1 0 0 6/12 12:25 0:00 0:34
Mark Pysyk 0 1 1 -1 0 1 2 1 0 0 0/0 23:19 4:21 3:13
Mathieu Olivier 0 0 0 -2 2 3 1 1 0 0 0/0 11:58 0:05 0:00
Olli Juolevi 0 0 0 -1 0 0 2 2 0 0 0/0 15:57 1:19 0:00
Riley Stillman 1 0 1 -1 5 2 3 2 0 0 0/0 19:54 2:23 2:58
Shane Bowers 0 0 0 0 0 1 0 0 0 0 1/2 7:49 0:05 0:00
Trey Fix-Wolansky 0 0 0 0 0 1 2 0 1 0 0/0 7:42 0:00 0:00
Victor Rask 1 0 1 -1 0 4 2 0 1 1 13/17 19:04 3:34 3:01
William Lagesson 0 1 1 -1 0 4 2 2 0 1 0/0 22:05 3:42 2:58
Yan Kuznetsov 0 0 0 -1 0 2 2 1 1 1 0/0 14:41 0:00 0:00
Zack Kassian 0 2 2 -1 4 4 2 0 1 0 2/4 15:51 3:34 0:00
Players Stats for Abbotsford Heat
Player Name G A P +/- PIM S H SB GA TA FO MP PP MP PK MP
------------------------------------------------------------------------------------
Alex Limoges 0 0 0 0 0 0 1 3 0 1 0/0 10:29 0:00 0:00
Benoit-Olivier Groulx 0 1 1 0 0 0 1 2 0 0 4/11 14:27 0:00 2:17
Bobby Brink 3 0 3 2 0 5 2 0 1 1 0/0 20:41 3:23 1:52
Cole Perfetti 0 2 2 2 0 1 2 1 0 2 0/1 20:41 3:23 1:52
Cole Sillinger 1 0 1 1 2 2 1 0 1 1 8/12 20:59 2:48 4:20
Daniil Miromanov 0 0 0 2 0 0 0 0 0 0 0/0 12:50 0:00 0:06
Dennis Gilbert 0 0 0 1 2 0 2 0 0 0 0/0 18:49 2:28 2:23
Filip Chlapik 0 0 0 0 2 0 0 0 0 0 1/2 5:18 0:00 1:11
Gabriel Fortier 0 0 0 0 0 3 0 0 0 0 0/0 4:47 0:00 0:00
Jacob Peterson 1 0 1 0 0 4 1 0 0 0 2/3 14:30 0:00 0:00
Lane Pederson 0 0 0 1 0 3 1 0 0 0 0/0 16:55 2:48 0:00
Michael Anderson 0 0 0 0 0 0 1 4 0 1 0/0 28:20 3:43 4:58
Rafael Harvey-Pinard 0 1 1 1 2 5 3 0 1 0 0/0 17:19 2:48 0:25
Ryan Merkley 0 0 0 0 2 3 1 1 1 1 0/0 26:59 3:43 3:38
Shane Pinto 0 0 0 1 0 0 0 0 0 0 0/0 2:17 0:00 0:55
Vincent Desharnais 0 1 1 1 0 0 0 4 0 1 0/0 19:03 2:28 2:59
Wyatt Newpower 0 0 0 2 0 0 1 0 0 0 0/0 14:33 0:00 2:02
Yakov Trenin 0 0 0 1 5 1 4 1 0 2 11/33 22:54 3:23 3:14
3 Stars
1 - Bobby Brink (ABH)
2 - Cole Perfetti (ABH)
3 - Pheonix Copley (ABH)
Power Play
Long Beach Ice Dogs - 2 on 5 Attempt(s) - 40.00%
Abbotsford Heat - 1 on 4 Attempt(s) - 25.00%
Penalty Kill
Long Beach Ice Dogs - 3 on 4 Attempt(s) - 75.00%
- Score 0 goal in Penalty Kill
Abbotsford Heat - 3 on 5 Attempt(s) - 60.00%
- Score 0 goal in Penalty Kill
Team Stat
Long Beach Ice Dogs - Hits : 28 - Faceoff Wins : 36 - Blocked Shots : 14 - Penalty Minutes : 13
Abbotsford Heat - Hits : 21 - Faceoff Wins : 26 - Blocked Shots : 16 - Penalty Minutes : 15
Official
Referees : Chris Rooney and Tim Peel
Linesman : Steve Miller and Pierre Racicot
Game Notes
Bobby Brink has scored a Hat Trick!
Yakov Trenin and Riley Stillman fight to a draw at 12:45 of 3rd period
Long Beach Ice Dogs
5 vs 5 Forward
Center Left Wing Right Wing Time % Phy DF OF
1 Gabriel Vilardi Darren Helm Brendan Gallagher 30 1 2 2
2 Victor Rask Alex Galchenyuk Zack Kassian 30 1 2 2
3 Logan Brown Jansen Harkins Mathieu Olivier 25 1 2 2
4 Shane Bowers Jujhar Khaira Trey Fix-Wolansky 15 1 2 2
5 vs 5 Defense
Defense Defense Time % Phy DF OF
1 Mark Pysyk Justin Schultz 35 1 2 2
2 Riley Stillman William Lagesson 35 1 2 2
3 Olli Juolevi Yan Kuznetsov 30 1 2 2
4 Mark Pysyk Justin Schultz 0 1 2 2
PowerPlay Forward
Center Left Wing Right Wing Time % Phy DF OF
1 Gabriel Vilardi Darren Helm Brendan Gallagher 50 1 2 2
2 Victor Rask Alex Galchenyuk Zack Kassian 50 1 2 2
PowerPlay Defense
Defense Defense Time % Phy DF OF
1 Mark Pysyk Justin Schultz 50 1 2 2
2 Riley Stillman William Lagesson 50 1 2 2
Penalty Kill 4 Players Forward
Center Wing Time % Phy DF OF
1 Brendan Gallagher Gabriel Vilardi 50 1 2 2
2 Darren Helm Victor Rask 50 1 2 2
Penalty Kill 4 Players Defense
Defense Defense Time % Phy DF OF
1 Mark Pysyk Justin Schultz 50 1 2 2
2 Riley Stillman William Lagesson 50 1 2 2
Penalty Kill - 3 Players Forward
Forward Time % Phy DF OF
1 Brendan Gallagher 50 1 2 2
2 Gabriel Vilardi 50 1 2 2
Penalty Kill - 3 Players Defense
Defense Defense Time % Phy DF OF
1 Mark Pysyk Justin Schultz 50 1 2 2
2 Riley Stillman William Lagesson 50 1 2 2
4 vs 4 Forward
Center Wing Time % Phy DF OF
1 Brendan Gallagher Gabriel Vilardi 50 1 2 2
2 Darren Helm Victor Rask 50 1 2 2
4 vs 4 Defense
Defense Defense Time % Phy DF OF
1 Mark Pysyk Justin Schultz 50 1 2 2
2 Riley Stillman William Lagesson 50 1 2 2
Last Minutes Offensive
Center Left Wing Right Wing Defense Defense
Gabriel Vilardi Darren Helm Brendan Gallagher Mark Pysyk Justin Schultz
Last Minutes Defensive
Center Left Wing Right Wing Defense Defense
Gabriel Vilardi Darren Helm Brendan Gallagher Mark Pysyk Justin Schultz
Goaltenders
Starting : Lukas Dostal
Backup : Spencer Martin
Extra Forwards
Normal : Shane Bowers, Jujhar Khaira, Logan Brown - PP : Shane Bowers, Jujhar Khaira - PK : Logan Brown
Extra Defensemen
Normal : Olli Juolevi, Yan Kuznetsov, Riley Stillman - PP : Olli Juolevi - PK : Yan Kuznetsov, Riley Stillman
Penalty Shots
Brendan Gallagher, Gabriel Vilardi, Darren Helm, Victor Rask, Alex Galchenyuk
Abbotsford Heat
5 vs 5 Forward
Center Left Wing Right Wing Time % Phy DF OF
1 Yakov Trenin Cole Perfetti Bobby Brink 40 1 2 2
2 Cole Sillinger Rafael Harvey-Pinard Lane Pederson 30 1 2 2
3 Benoit-Olivier Groulx Alex Limoges Jacob Peterson 20 1 2 2
4 Jacob Peterson Gabriel Fortier Yakov Trenin 10 1 2 2
5 vs 5 Defense
Defense Defense Time % Phy DF OF
1 Michael Anderson Ryan Merkley 40 1 2 2
2 Vincent Desharnais Dennis Gilbert 30 1 2 2
3 Daniil Miromanov Wyatt Newpower 20 1 2 2
4 Michael Anderson Ryan Merkley 10 1 2 2
PowerPlay Forward
Center Left Wing Right Wing Time % Phy DF OF
1 Yakov Trenin Cole Perfetti Bobby Brink 60 1 2 2
2 Cole Sillinger Rafael Harvey-Pinard Lane Pederson 40 1 2 2
PowerPlay Defense
Defense Defense Time % Phy DF OF
1 Michael Anderson Ryan Merkley 60 1 2 2
2 Vincent Desharnais Dennis Gilbert 40 1 2 2
Penalty Kill 4 Players Forward
Center Wing Time % Phy DF OF
1 Yakov Trenin Cole Sillinger 60 1 2 2
2 Bobby Brink Cole Perfetti 40 1 2 2
Penalty Kill 4 Players Defense
Defense Defense Time % Phy DF OF
1 Michael Anderson Ryan Merkley 60 1 2 2
2 Vincent Desharnais Dennis Gilbert 40 1 2 2
Penalty Kill - 3 Players Forward
Forward Time % Phy DF OF
1 Yakov Trenin 60 1 2 2
2 Cole Sillinger 40 1 2 2
Penalty Kill - 3 Players Defense
Defense Defense Time % Phy DF OF
1 Michael Anderson Ryan Merkley 60 1 2 2
2 Vincent Desharnais Dennis Gilbert 40 1 2 2
4 vs 4 Forward
Center Wing Time % Phy DF OF
1 Yakov Trenin Cole Sillinger 60 1 2 2
2 Bobby Brink Cole Perfetti 40 1 2 2
4 vs 4 Defense
Defense Defense Time % Phy DF OF
1 Michael Anderson Ryan Merkley 60 1 2 2
2 Vincent Desharnais Dennis Gilbert 40 1 2 2
Last Minutes Offensive
Center Left Wing Right Wing Defense Defense
Yakov Trenin Cole Perfetti Bobby Brink Michael Anderson Ryan Merkley
Last Minutes Defensive
Center Left Wing Right Wing Defense Defense
Yakov Trenin Cole Perfetti Bobby Brink Michael Anderson Ryan Merkley
Goaltenders
Starting : Pheonix Copley
Backup : Dustin Wolf
Extra Forwards
Normal : Filip Chlapik, Shane Pinto, Benoit-Olivier Groulx - PP : Filip Chlapik, Shane Pinto - PK : Benoit-Olivier Groulx
Extra Defensemen
Normal : Daniil Miromanov, Wyatt Newpower, Vincent Desharnais - PP : Daniil Miromanov - PK : Wyatt Newpower, Vincent Desharnais
Penalty Shots
Yakov Trenin, Cole Sillinger, Bobby Brink, Cole Perfetti, Benoit-Olivier Groulx
% Time on Ice - Long Beach Ice Dogs
Lines # - Real PCT - Wanted PCT - Time Play
Normal Forward
1 - 30% - 30% - 13:42
2 - 27% - 30% - 12:31
3 - 26% - 25% - 11:51
4 - 17% - 15% - 7:42
Normal Defense
1 - 34% - 35% - 15:23
2 - 34% - 35% - 15:40
3 - 31% - 30% - 14:21
4 - 1% - 0% - 0:22
PP Forward
1 - 55% - 50% - 4:24
2 - 45% - 50% - 3:39
PP Defense
1 - 54% - 50% - 4:21
2 - 46% - 50% - 3:42
PK Forward
1 - 51% - 50% - 3:10
2 - 49% - 50% - 3:01
PK Defense
1 - 52% - 50% - 3:13
2 - 48% - 50% - 2:58
PK3 Forward
1 - 0% - 50%
2 - 0% - 50%
PK3 Defense
1 - 0% - 50%
2 - 0% - 50%
44 Forward
1 - 0% - 50%
2 - 0% - 50%
44 Defense
1 - 0% - 50%
2 - 0% - 50%
Last Minute Offensive - 0:00
Last Minute Defensive - 0:00
Total
Forward - 60:00
Defense - 60:00
|
% Time on Ice - Abbotsford Heat
Lines # - Real PCT - Wanted PCT - Time Play
Normal Forward
1 - 35% - 40% - 15:49
2 - 32% - 30% - 14:41
3 - 23% - 20% - 10:29
4 - 10% - 10% - 4:47
Normal Defense
1 - 40% - 40% - 18:09
2 - 30% - 30% - 13:41
3 - 27% - 20% - 12:26
4 - 3% - 10% - 1:30
PP Forward
1 - 55% - 60% - 3:23
2 - 45% - 40% - 2:48
PP Defense
1 - 60% - 60% - 3:43
2 - 40% - 40% - 2:28
PK Forward
1 - 77% - 60% - 6:11
2 - 23% - 40% - 1:52
PK Defense
1 - 63% - 60% - 5:05
2 - 37% - 40% - 2:58
PK3 Forward
1 - 0% - 60%
2 - 0% - 40%
PK3 Defense
1 - 0% - 60%
2 - 0% - 40%
44 Forward
1 - 0% - 60%
2 - 0% - 40%
44 Defense
1 - 0% - 60%
2 - 0% - 40%
Last Minute Offensive - 0:00
Last Minute Defensive - 0:00
Total
Forward - 60:00
Defense - 60:00
|
Play-by-Play
1st period
0:01 of 1st period - Yakov Trenin wins face-off versus Gabriel Vilardi in neutral zone.
0:25 of 1st period - Icing by Darren Helm.
0:26 of 1st period - Cole Sillinger wins face-off versus Gabriel Vilardi in Long Beach Ice Dogs zone.
0:43 of 1st period - Snap shot by Gabriel Vilardi.
0:43 of 1st period - Shot Blocked by Alex Limoges.
0:47 of 1st period - Snap shot by Darren Helm.
0:47 of 1st period - Shot Blocked by Vincent Desharnais.
0:58 of 1st period - Wrist shot by Darren Helm.
0:58 of 1st period - Shot Blocked by Benoit-Olivier Groulx.
1:00 of 1st period - Slapshot by Justin Schultz.
1:00 of 1st period - Shot Blocked by Vincent Desharnais.
1:02 of 1st period - Snap shot by Mark Pysyk.
1:02 of 1st period - Stopped by Pheonix Copley without a rebound.
1:03 of 1st period - Victor Rask wins face-off versus Cole Sillinger in Abbotsford Heat zone.
4:03 of 1st period - Benoit-Olivier Groulx is hit by Riley Stillman and loses puck.
4:08 of 1st period - Slapshot by Victor Rask.
4:08 of 1st period - Stopped by Pheonix Copley with a rebound.
5:51 of 1st period - Slapshot by Gabriel Vilardi.
5:51 of 1st period - Deflect By Brendan Gallagher.
5:51 of 1st period - Stopped by Pheonix Copley with a rebound.
5:55 of 1st period - Snap shot by Brendan Gallagher.
5:55 of 1st period - Stopped by Pheonix Copley with a rebound.
5:57 of 1st period - Slapshot by Yan Kuznetsov.
5:57 of 1st period - Stopped by Pheonix Copley with a rebound.
5:59 of 1st period - Wrist shot by Darren Helm.
5:59 of 1st period - Stopped by Pheonix Copley with a rebound.
6:01 of 1st period - Snap shot by Gabriel Vilardi.
6:01 of 1st period - Shot Misses the Net.
6:29 of 1st period - Snap shot by Jujhar Khaira.
6:29 of 1st period - Shot Misses the Net.
6:31 of 1st period - Wrist shot by Jujhar Khaira.
6:31 of 1st period - Shot Misses the Net.
6:43 of 1st period - Minor Penalty to Filip Chlapik for Tripping.
6:44 of 1st period - Yakov Trenin wins face-off versus Gabriel Vilardi in Abbotsford Heat zone.
6:55 of 1st period - Wrist shot by Gabriel Vilardi.
6:55 of 1st period - Stopped by Pheonix Copley with a rebound.
6:59 of 1st period - Slapshot by Gabriel Vilardi.
6:59 of 1st period - Shot Misses the Net.
7:27 of 1st period - Snap shot by Gabriel Vilardi.
7:27 of 1st period - Shot Blocked by Vincent Desharnais.
8:14 of 1st period - Icing by Darren Helm.
8:15 of 1st period - Gabriel Vilardi wins face-off versus Benoit-Olivier Groulx in Long Beach Ice Dogs zone.
8:20 of 1st period - Wrist shot by Gabriel Vilardi.
8:20 of 1st period - Deflect By Brendan Gallagher.
8:20 of 1st period - Shot Misses the Net.
8:20 of 1st period - Puck is out of play.
8:21 of 1st period - Zack Kassian wins face-off versus Benoit-Olivier Groulx in Abbotsford Heat zone.
8:22 of 1st period - Snap shot by Victor Rask.
8:22 of 1st period - Shot Misses the Net.
8:24 of 1st period - Snap shot by Zack Kassian.
8:24 of 1st period - Deflect By Ryan Merkley.
8:24 of 1st period - Shot Blocked by Michael Anderson.
8:24 of 1st period - Puck is out of play.
8:25 of 1st period - Victor Rask wins face-off versus Yakov Trenin in Abbotsford Heat zone.
8:30 of 1st period - Snap shot by Zack Kassian.
8:30 of 1st period - Shot Misses the Net.
8:32 of 1st period - Wrist shot by Zack Kassian.
8:32 of 1st period - Shot Blocked by Michael Anderson.
8:34 of 1st period - Backhand shot by Riley Stillman.
8:34 of 1st period - Shot Misses the Net.
8:36 of 1st period - Snap shot by Alex Galchenyuk.
8:36 of 1st period - Shot Misses the Net.
8:38 of 1st period - Snap shot by Zack Kassian.
8:38 of 1st period - Stopped by Pheonix Copley with a rebound.
8:40 of 1st period - Wrist shot by Victor Rask.
8:40 of 1st period - Goal by Victor Rask - Long Beach Ice Dogs : 1 - Abbotsford Heat : 0.
8:41 of 1st period - Zack Kassian wins face-off versus Yakov Trenin in neutral zone.
8:58 of 1st period - Justin Schultz is hit by Yakov Trenin and loses puck.
9:13 of 1st period - Snap shot by Cole Sillinger.
9:13 of 1st period - Shot Blocked by Mark Pysyk.
9:15 of 1st period - Snap shot by Cole Sillinger.
9:15 of 1st period - Shot Misses the Net.
9:17 of 1st period - Slapshot by Cole Sillinger.
9:17 of 1st period - Shot Misses the Net.
9:19 of 1st period - Snap shot by Lane Pederson.
9:19 of 1st period - Stopped by Lukas Dostal with a rebound.
9:21 of 1st period - Wrist shot by Rafael Harvey-Pinard.
9:21 of 1st period - Stopped by Lukas Dostal with a rebound.
9:23 of 1st period - Snap shot by Lane Pederson.
9:23 of 1st period - Stopped by Lukas Dostal without a rebound.
9:24 of 1st period - Gabriel Vilardi wins face-off versus Benoit-Olivier Groulx in Long Beach Ice Dogs zone.
9:35 of 1st period - Snap shot by Gabriel Vilardi.
9:35 of 1st period - Shot Blocked by Benoit-Olivier Groulx.
9:37 of 1st period - Snap shot by Darren Helm.
9:37 of 1st period - Stopped by Pheonix Copley with a rebound.
9:39 of 1st period - Snap shot by Darren Helm.
9:39 of 1st period - Shot Blocked by Michael Anderson.
10:08 of 1st period - Mathieu Olivier is hit by Rafael Harvey-Pinard and loses puck.
10:27 of 1st period - Snap shot by Brendan Gallagher.
10:27 of 1st period - Deflect By Gabriel Vilardi.
10:27 of 1st period - Goal by Gabriel Vilardi - Long Beach Ice Dogs : 2 - Abbotsford Heat : 0.
10:28 of 1st period - Victor Rask wins face-off versus Yakov Trenin in neutral zone.
10:33 of 1st period - Bobby Brink is hit by Alex Galchenyuk and loses puck.
10:58 of 1st period - Backhand shot by Jacob Peterson.
10:58 of 1st period - Shot Blocked by Riley Stillman.
11:01 of 1st period - Icing by Riley Stillman.
11:02 of 1st period - Cole Sillinger wins face-off versus Victor Rask in Long Beach Ice Dogs zone.
11:07 of 1st period - Snap shot by Rafael Harvey-Pinard.
11:07 of 1st period - Stopped by Lukas Dostal with a rebound.
11:09 of 1st period - Snap shot by Cole Sillinger.
11:09 of 1st period - Goal by Cole Sillinger - Long Beach Ice Dogs : 2 - Abbotsford Heat : 1.
11:10 of 1st period - Yakov Trenin wins face-off versus Darren Helm in neutral zone.
11:37 of 1st period - Mathieu Olivier is hit by Michael Anderson and loses puck.
12:02 of 1st period - Slapshot by Victor Rask.
12:02 of 1st period - Shot Misses the Net.
12:25 of 1st period - Cole Perfetti is hit by Trey Fix-Wolansky and loses puck.
13:49 of 1st period - Rafael Harvey-Pinard is hit by Olli Juolevi and loses puck.
14:30 of 1st period - Icing by Michael Anderson.
14:31 of 1st period - Benoit-Olivier Groulx wins face-off versus Logan Brown in Abbotsford Heat zone.
14:38 of 1st period - Icing by Logan Brown.
14:39 of 1st period - Logan Brown wins face-off versus Cole Perfetti in Long Beach Ice Dogs zone.
14:52 of 1st period - Wrist shot by Mathieu Olivier.
14:52 of 1st period - Shot Blocked by Vincent Desharnais.
15:02 of 1st period - Wrist shot by Logan Brown.
15:02 of 1st period - Shot Misses the Net.
15:04 of 1st period - Wrist shot by William Lagesson.
15:04 of 1st period - Stopped by Pheonix Copley with a rebound.
15:06 of 1st period - Wrist shot by William Lagesson.
15:06 of 1st period - Shot Misses the Net.
15:08 of 1st period - Snap shot by Logan Brown.
15:08 of 1st period - Stopped by Pheonix Copley with a rebound.
15:10 of 1st period - Snap shot by Mathieu Olivier.
15:10 of 1st period - Deflect By Bobby Brink.
15:10 of 1st period - Stopped by Pheonix Copley with a rebound.
15:18 of 1st period - Wrist shot by Logan Brown.
15:18 of 1st period - Shot Misses the Net.
15:20 of 1st period - Snap shot by William Lagesson.
15:20 of 1st period - Deflect By Bobby Brink.
15:20 of 1st period - Stopped by Pheonix Copley without a rebound.
15:21 of 1st period - Cole Sillinger wins face-off versus Gabriel Vilardi in Abbotsford Heat zone.
15:23 of 1st period - Minor Penalty to Rafael Harvey-Pinard for Hooking.
15:24 of 1st period - Yakov Trenin wins face-off versus Victor Rask in Abbotsford Heat zone.
15:49 of 1st period - Yakov Trenin is hit by Darren Helm and loses puck.
17:15 of 1st period - Brendan Gallagher is hit by Cole Perfetti and loses puck.
17:23 of 1st period - Penalty to Rafael Harvey-Pinard is over, Rafael Harvey-Pinard is back on ice.
17:28 of 1st period - Alex Galchenyuk is hit by Alex Limoges and loses puck.
17:57 of 1st period - Snap shot by Lane Pederson.
17:57 of 1st period - Shot Misses the Net.
17:59 of 1st period - Slapshot by Wyatt Newpower.
17:59 of 1st period - Shot Misses the Net.
18:01 of 1st period - Wrist shot by Lane Pederson.
18:01 of 1st period - Shot Hit the Post.
18:03 of 1st period - Snap shot by Lane Pederson.
18:03 of 1st period - Shot Blocked by Yan Kuznetsov.
18:15 of 1st period - Wrist shot by Bobby Brink.
18:15 of 1st period - Goal by Bobby Brink - Long Beach Ice Dogs : 2 - Abbotsford Heat : 2.
18:16 of 1st period - Gabriel Vilardi wins face-off versus Yakov Trenin in neutral zone.
18:30 of 1st period - Snap shot by Cole Perfetti.
18:30 of 1st period - Shot Misses the Net.
18:42 of 1st period - Lane Pederson is hit by Zack Kassian and loses puck.
19:09 of 1st period - Jansen Harkins is hit by Dennis Gilbert.
19:33 of 1st period - Jujhar Khaira is hit by Yakov Trenin and loses puck.
19:41 of 1st period - Icing by Mark Pysyk.
19:42 of 1st period - Cole Sillinger wins face-off versus Brendan Gallagher in Long Beach Ice Dogs zone.
19:43 of 1st period - Snap shot by Rafael Harvey-Pinard.
19:43 of 1st period - Stopped by Lukas Dostal without a rebound.
19:44 of 1st period - Cole Sillinger wins face-off versus Gabriel Vilardi in Long Beach Ice Dogs zone.
19:45 of 1st period - Snap shot by Rafael Harvey-Pinard.
19:45 of 1st period - Shot Blocked by William Lagesson.
19:47 of 1st period - Snap shot by Rafael Harvey-Pinard.
19:47 of 1st period - Shot Blocked by Riley Stillman.
19:49 of 1st period - Slapshot by Michael Anderson.
19:49 of 1st period - Shot Blocked by Darren Helm.
19:51 of 1st period - Slapshot by Ryan Merkley.
19:51 of 1st period - Stopped by Lukas Dostal with a rebound.
19:53 of 1st period - Snap shot by Rafael Harvey-Pinard.
19:53 of 1st period - Stopped by Lukas Dostal without a rebound.
19:54 of 1st period - Yakov Trenin wins face-off versus Gabriel Vilardi in Long Beach Ice Dogs zone.
19:55 of 1st period - Snap shot by Bobby Brink.
19:55 of 1st period - Stopped by Lukas Dostal without a rebound.
19:56 of 1st period - Darren Helm wins face-off versus Yakov Trenin in Long Beach Ice Dogs zone.
Goals for this period are 2 for Long Beach Ice Dogs vs 2 for Abbotsford Heat.
Shots for this period are 15 for Long Beach Ice Dogs vs 10 for Abbotsford Heat.
2nd period
0:01 of 2nd period - Gabriel Vilardi wins face-off versus Yakov Trenin in neutral zone.
0:04 of 2nd period - Cole Perfetti is hit by Gabriel Vilardi and loses puck.
0:11 of 2nd period - Slapshot by Ryan Merkley.
0:11 of 2nd period - Deflect By Bobby Brink.
0:11 of 2nd period - Shot Misses the Net.
0:11 of 2nd period - Puck is out of play.
0:12 of 2nd period - Victor Rask wins face-off versus Yakov Trenin in Long Beach Ice Dogs zone.
0:14 of 2nd period - Minor Penalty to Zack Kassian for Hooking.
0:15 of 2nd period - Brendan Gallagher wins face-off versus Yakov Trenin in Long Beach Ice Dogs zone.
1:21 of 2nd period - Bobby Brink is hit by Brendan Gallagher and loses puck.
2:06 of 2nd period - Bobby Brink is hit by Darren Helm.
2:10 of 2nd period - Mark Pysyk is hit by Yakov Trenin and loses puck.
2:14 of 2nd period - Penalty to Zack Kassian is over, Zack Kassian is back on ice.
2:27 of 2nd period - Wrist shot by Logan Brown.
2:27 of 2nd period - Shot Blocked by Alex Limoges.
2:29 of 2nd period - Snap shot by Mathieu Olivier.
2:29 of 2nd period - Stopped by Pheonix Copley with a rebound.
2:31 of 2nd period - Wrist shot by Logan Brown.
2:31 of 2nd period - Shot Blocked by Alex Limoges.
2:33 of 2nd period - Snap shot by Logan Brown.
2:33 of 2nd period - Stopped by Pheonix Copley without a rebound.
2:34 of 2nd period - Shane Bowers wins face-off versus Benoit-Olivier Groulx in Abbotsford Heat zone.
2:57 of 2nd period - Rafael Harvey-Pinard is hit by Yan Kuznetsov and loses puck.
3:12 of 2nd period - Wrist shot by Jansen Harkins.
3:12 of 2nd period - Stopped by Pheonix Copley without a rebound.
3:13 of 2nd period - Victor Rask wins face-off versus Yakov Trenin in Abbotsford Heat zone.
3:14 of 2nd period - Snap shot by Alex Galchenyuk.
3:14 of 2nd period - Shot Misses the Net.
3:20 of 2nd period - Snap shot by Victor Rask.
3:20 of 2nd period - Stopped by Pheonix Copley with a rebound.
3:24 of 2nd period - Slapshot by Victor Rask.
3:24 of 2nd period - Stopped by Pheonix Copley with a rebound.
3:26 of 2nd period - Snap shot by William Lagesson.
3:26 of 2nd period - Stopped by Pheonix Copley without a rebound.
3:27 of 2nd period - Cole Sillinger wins face-off versus Gabriel Vilardi in Abbotsford Heat zone.
3:52 of 2nd period - Bobby Brink is hit by Mark Pysyk and loses puck.
4:57 of 2nd period - Snap shot by Darren Helm.
4:57 of 2nd period - Stopped by Pheonix Copley without a rebound.
4:58 of 2nd period - Benoit-Olivier Groulx wins face-off versus Gabriel Vilardi in Abbotsford Heat zone.
4:58 of 2nd period - Benoit-Olivier Groulx is hit by Riley Stillman.
5:06 of 2nd period - Riley Stillman is hit by Benoit-Olivier Groulx and loses puck.
5:46 of 2nd period - Lane Pederson is hit by Gabriel Vilardi and loses puck.
5:59 of 2nd period - Slapshot by Zack Kassian.
5:59 of 2nd period - Shot Misses the Net.
6:21 of 2nd period - Snap shot by Jansen Harkins.
6:21 of 2nd period - Shot Misses the Net.
6:41 of 2nd period - Snap shot by Jacob Peterson.
6:41 of 2nd period - Shot Blocked by William Lagesson.
6:55 of 2nd period - Bobby Brink is hit by Victor Rask and loses puck.
7:16 of 2nd period - Michael Anderson is hit by Mark Pysyk and loses puck.
7:54 of 2nd period - Yakov Trenin is hit by Logan Brown and loses puck.
8:00 of 2nd period - Icing by Cole Perfetti.
8:01 of 2nd period - Logan Brown wins face-off versus Yakov Trenin in Abbotsford Heat zone.
10:16 of 2nd period - Wyatt Newpower is hit by Victor Rask and loses puck.
10:23 of 2nd period - Slapshot by Alex Galchenyuk.
10:23 of 2nd period - Stopped by Pheonix Copley with a rebound.
10:33 of 2nd period - Cole Perfetti is hit by Darren Helm and loses puck.
10:46 of 2nd period - Jacob Peterson is hit by Justin Schultz and loses puck.
10:59 of 2nd period - Jansen Harkins is hit by Dennis Gilbert and loses puck.
11:17 of 2nd period - Ryan Merkley is hit by Mathieu Olivier.
11:24 of 2nd period - Icing by Olli Juolevi.
11:25 of 2nd period - Gabriel Vilardi wins face-off versus Yakov Trenin in Long Beach Ice Dogs zone.
11:25 of 2nd period - Gabriel Vilardi is hit by Yakov Trenin.
12:03 of 2nd period - Backhand shot by Trey Fix-Wolansky.
12:03 of 2nd period - Stopped by Pheonix Copley with a rebound.
12:48 of 2nd period - Snap shot by Jacob Peterson.
12:48 of 2nd period - Stopped by Lukas Dostal without a rebound.
12:49 of 2nd period - Benoit-Olivier Groulx wins face-off versus Logan Brown in Long Beach Ice Dogs zone.
12:50 of 2nd period - Snap shot by Jacob Peterson.
12:50 of 2nd period - Goal by Jacob Peterson - Long Beach Ice Dogs : 2 - Abbotsford Heat : 3.
12:51 of 2nd period - Victor Rask wins face-off versus Yakov Trenin in neutral zone.
13:37 of 2nd period - Michael Anderson is hit by Riley Stillman and loses puck.
14:06 of 2nd period - Rafael Harvey-Pinard is hit by Trey Fix-Wolansky and loses puck.
14:19 of 2nd period - Alex Galchenyuk is hit by Wyatt Newpower and loses puck.
14:34 of 2nd period - Zack Kassian is hit by Cole Perfetti and loses puck.
14:47 of 2nd period - Snap shot by Benoit-Olivier Groulx.
14:47 of 2nd period - Shot Hit the Post.
14:57 of 2nd period - Cole Sillinger is hit by Olli Juolevi and loses puck.
15:59 of 2nd period - Minor Penalty to Brendan Gallagher for Hooking.
16:00 of 2nd period - Logan Brown wins face-off versus Yakov Trenin in Long Beach Ice Dogs zone.
16:53 of 2nd period - Mark Pysyk is hit by Rafael Harvey-Pinard.
17:34 of 2nd period - Icing by Bobby Brink.
17:35 of 2nd period - Alex Galchenyuk wins face-off versus Yakov Trenin in Abbotsford Heat zone.
17:44 of 2nd period - Snap shot by Cole Perfetti.
17:44 of 2nd period - Stopped by Lukas Dostal without a rebound.
17:45 of 2nd period - Darren Helm wins face-off versus Cole Sillinger in Long Beach Ice Dogs zone.
17:59 of 2nd period - Penalty to Brendan Gallagher is over, Brendan Gallagher is back on ice.
18:04 of 2nd period - Wrist shot by Brendan Gallagher.
18:04 of 2nd period - Shot Misses the Net.
18:06 of 2nd period - Snap shot by Darren Helm.
18:06 of 2nd period - Stopped by Pheonix Copley with a rebound.
18:08 of 2nd period - Slapshot by Riley Stillman.
18:08 of 2nd period - Stopped by Pheonix Copley without a rebound.
18:09 of 2nd period - Logan Brown wins face-off versus Yakov Trenin in Abbotsford Heat zone.
18:41 of 2nd period - Snap shot by Jacob Peterson.
18:41 of 2nd period - Stopped by Lukas Dostal without a rebound.
18:42 of 2nd period - Gabriel Vilardi wins face-off versus Yakov Trenin in Long Beach Ice Dogs zone.
19:11 of 2nd period - Off-side.
19:12 of 2nd period - Victor Rask wins face-off versus Cole Sillinger in neutral zone.
19:20 of 2nd period - Zack Kassian is hit by Lane Pederson and loses puck.
19:39 of 2nd period - Brendan Gallagher is hit by Bobby Brink and loses puck.
19:44 of 2nd period - Snap shot by Bobby Brink.
19:44 of 2nd period - Goal by Bobby Brink - Long Beach Ice Dogs : 2 - Abbotsford Heat : 4.
19:45 of 2nd period - Yakov Trenin wins face-off versus Gabriel Vilardi in neutral zone.
Goals for this period are 0 for Long Beach Ice Dogs vs 2 for Abbotsford Heat.
Shots for this period are 11 for Long Beach Ice Dogs vs 5 for Abbotsford Heat.
3rd period
0:01 of 3rd period - Gabriel Vilardi wins face-off versus Yakov Trenin in neutral zone.
0:26 of 3rd period - Snap shot by Jacob Peterson.
0:26 of 3rd period - Shot Misses the Net.
0:28 of 3rd period - Slapshot by Jacob Peterson.
0:28 of 3rd period - Shot Blocked by Brendan Gallagher.
0:30 of 3rd period - Slapshot by Vincent Desharnais.
0:30 of 3rd period - Shot Misses the Net.
0:34 of 3rd period - Slapshot by Alex Limoges.
0:34 of 3rd period - Shot Misses the Net.
1:16 of 3rd period - Snap shot by Cole Sillinger.
1:16 of 3rd period - Deflect By Rafael Harvey-Pinard.
1:16 of 3rd period - Stopped by Lukas Dostal without a rebound.
1:17 of 3rd period - Yakov Trenin wins face-off versus Zack Kassian in Long Beach Ice Dogs zone.
1:32 of 3rd period - Wrist shot by Victor Rask.
1:32 of 3rd period - Shot Misses the Net.
1:42 of 3rd period - Logan Brown is hit by Jacob Peterson.
2:28 of 3rd period - Wrist shot by Zack Kassian.
2:28 of 3rd period - Stopped by Pheonix Copley without a rebound.
2:29 of 3rd period - Victor Rask wins face-off versus Yakov Trenin in Abbotsford Heat zone.
2:30 of 3rd period - Snap shot by Alex Galchenyuk.
2:30 of 3rd period - Stopped by Pheonix Copley without a rebound.
2:31 of 3rd period - Yakov Trenin wins face-off versus Victor Rask in Abbotsford Heat zone.
2:31 of 3rd period - Yakov Trenin is hit by Zack Kassian.
2:47 of 3rd period - Slapshot by Ryan Merkley.
2:47 of 3rd period - Stopped by Lukas Dostal with a rebound.
2:53 of 3rd period - Minor Penalty to Zack Kassian for Roughing.
2:54 of 3rd period - Brendan Gallagher wins face-off versus Yakov Trenin in Long Beach Ice Dogs zone.
2:59 of 3rd period - Slapshot by Cole Perfetti.
2:59 of 3rd period - Shot Misses the Net.
3:01 of 3rd period - Snap shot by Bobby Brink.
3:01 of 3rd period - Stopped by Lukas Dostal with a rebound.
3:03 of 3rd period - Snap shot by Bobby Brink.
3:03 of 3rd period - Shot Blocked by Justin Schultz.
3:05 of 3rd period - Wrist shot by Cole Perfetti.
3:05 of 3rd period - Shot Misses the Net.
3:07 of 3rd period - Snap shot by Bobby Brink.
3:07 of 3rd period - Deflect By Justin Schultz.
3:07 of 3rd period - Goal by Bobby Brink - Long Beach Ice Dogs : 2 - Abbotsford Heat : 5.
3:08 of 3rd period - Victor Rask wins face-off versus Yakov Trenin in neutral zone.
3:23 of 3rd period - Slapshot by Cole Perfetti.
3:23 of 3rd period - Shot Blocked by Olli Juolevi.
3:43 of 3rd period - Snap shot by Lane Pederson.
3:43 of 3rd period - Stopped by Lukas Dostal with a rebound.
3:45 of 3rd period - Wrist shot by Cole Sillinger.
3:45 of 3rd period - Stopped by Lukas Dostal without a rebound.
3:46 of 3rd period - Jacob Peterson wins face-off versus Logan Brown in Long Beach Ice Dogs zone.
3:49 of 3rd period - Snap shot by Yakov Trenin.
3:49 of 3rd period - Shot Misses the Net.
3:51 of 3rd period - Snap shot by Dennis Gilbert.
3:51 of 3rd period - Shot Blocked by Jansen Harkins.
3:53 of 3rd period - Wrist shot by Yakov Trenin.
3:53 of 3rd period - Stopped by Lukas Dostal with a rebound.
4:01 of 3rd period - Slapshot by Jacob Peterson.
4:01 of 3rd period - Shot Blocked by Logan Brown.
4:07 of 3rd period - Minor Penalty to Mathieu Olivier for Tripping.
4:08 of 3rd period - Darren Helm wins face-off versus Yakov Trenin in Long Beach Ice Dogs zone.
4:33 of 3rd period - Victor Rask is hit by Rafael Harvey-Pinard and loses puck.
5:48 of 3rd period - Icing by Ryan Merkley.
5:49 of 3rd period - Brendan Gallagher wins face-off versus Cole Sillinger in Abbotsford Heat zone.
6:07 of 3rd period - Penalty to Mathieu Olivier is over, Mathieu Olivier is back on ice.
6:40 of 3rd period - Wrist shot by Jujhar Khaira.
6:40 of 3rd period - Shot Misses the Net.
6:42 of 3rd period - Snap shot by Shane Bowers.
6:42 of 3rd period - Stopped by Pheonix Copley with a rebound.
6:44 of 3rd period - Wrist shot by Jujhar Khaira.
6:44 of 3rd period - Shot Misses the Net.
6:50 of 3rd period - Minor Penalty to Dennis Gilbert for Hooking.
6:51 of 3rd period - Yakov Trenin wins face-off versus Victor Rask in Abbotsford Heat zone.
8:50 of 3rd period - Penalty to Dennis Gilbert is over, Dennis Gilbert is back on ice.
8:54 of 3rd period - Icing by Jujhar Khaira.
8:55 of 3rd period - Benoit-Olivier Groulx wins face-off versus Logan Brown in Long Beach Ice Dogs zone.
8:56 of 3rd period - Wrist shot by Jacob Peterson.
8:56 of 3rd period - Shot Hit the Post.
8:58 of 3rd period - Slapshot by Vincent Desharnais.
8:58 of 3rd period - Shot Blocked by Olli Juolevi.
9:00 of 3rd period - Slapshot by Vincent Desharnais.
9:00 of 3rd period - Shot Blocked by Mathieu Olivier.
9:44 of 3rd period - Wrist shot by Zack Kassian.
9:44 of 3rd period - Shot Misses the Net.
9:58 of 3rd period - Snap shot by Mathieu Olivier.
9:58 of 3rd period - Deflect By Cole Sillinger.
9:58 of 3rd period - Stopped by Pheonix Copley with a rebound.
10:00 of 3rd period - Snap shot by Logan Brown.
10:00 of 3rd period - Shot Misses the Net.
10:10 of 3rd period - Wyatt Newpower is hit by Yan Kuznetsov and loses puck.
10:32 of 3rd period - Wrist shot by Zack Kassian.
10:32 of 3rd period - Shot Blocked by Cole Perfetti.
10:48 of 3rd period - Slapshot by Jujhar Khaira.
10:48 of 3rd period - Shot Misses the Net.
11:04 of 3rd period - Vincent Desharnais is hit by William Lagesson and loses puck.
11:21 of 3rd period - Snap shot by Victor Rask.
11:21 of 3rd period - Deflect By Alex Galchenyuk.
11:21 of 3rd period - Shot Misses the Net.
11:21 of 3rd period - Puck is out of play.
11:22 of 3rd period - Victor Rask wins face-off versus Benoit-Olivier Groulx in Abbotsford Heat zone.
11:23 of 3rd period - Snap shot by Alex Galchenyuk.
11:23 of 3rd period - Stopped by Pheonix Copley with a rebound.
11:29 of 3rd period - Snap shot by Jacob Peterson.
11:29 of 3rd period - Stopped by Lukas Dostal with a rebound.
11:31 of 3rd period - Slapshot by Ryan Merkley.
11:31 of 3rd period - Stopped by Lukas Dostal with a rebound.
11:52 of 3rd period - Minor Penalty to Cole Sillinger for Hooking.
11:53 of 3rd period - Victor Rask wins face-off versus Benoit-Olivier Groulx in Abbotsford Heat zone.
11:55 of 3rd period - Snap shot by Zack Kassian.
11:55 of 3rd period - Shot Misses the Net.
11:57 of 3rd period - Slapshot by William Lagesson.
11:57 of 3rd period - Shot Blocked by Yakov Trenin.
11:59 of 3rd period - Snap shot by Zack Kassian.
11:59 of 3rd period - Shot Blocked by Michael Anderson.
12:01 of 3rd period - Slapshot by Riley Stillman.
12:01 of 3rd period - Goal by Riley Stillman - Long Beach Ice Dogs : 3 - Abbotsford Heat : 5.
12:02 of 3rd period - Yakov Trenin wins face-off versus Zack Kassian in neutral zone.
12:36 of 3rd period - Slapshot by Justin Schultz.
12:36 of 3rd period - Stopped by Pheonix Copley without a rebound.
12:37 of 3rd period - Logan Brown wins face-off versus Yakov Trenin in Abbotsford Heat zone.
12:42 of 3rd period - Wrist shot by Mathieu Olivier.
12:42 of 3rd period - Shot Blocked by Ryan Merkley.
12:45 of 3rd period - Yakov Trenin and Riley Stillman fight to a draw.
12:45 of 3rd period - Penalty to Yakov Trenin for Fighting.
12:45 of 3rd period - Penalty to Riley Stillman for Fighting.
12:46 of 3rd period - Victor Rask wins face-off versus Filip Chlapik in neutral zone.
12:57 of 3rd period - Mark Pysyk is hit by Bobby Brink and loses puck.
13:20 of 3rd period - Snap shot by Brendan Gallagher.
13:20 of 3rd period - Stopped by Pheonix Copley with a rebound.
13:31 of 3rd period - Icing by Ryan Merkley.
13:32 of 3rd period - Cole Sillinger wins face-off versus Logan Brown in Abbotsford Heat zone.
13:44 of 3rd period - Minor Penalty to Ryan Merkley for Tripping.
13:45 of 3rd period - Victor Rask wins face-off versus Benoit-Olivier Groulx in Abbotsford Heat zone.
13:45 of 3rd period - Snap shot by Zack Kassian.
13:45 of 3rd period - Stopped by Pheonix Copley with a rebound.
14:13 of 3rd period - Wrist shot by William Lagesson.
14:13 of 3rd period - Stopped by Pheonix Copley with a rebound.
14:17 of 3rd period - Snap shot by Victor Rask.
14:17 of 3rd period - Shot Hit the Post.
14:19 of 3rd period - Snap shot by Victor Rask.
14:19 of 3rd period - Shot Misses the Net.
14:21 of 3rd period - Slapshot by Olli Juolevi.
14:21 of 3rd period - Shot Misses the Net.
14:25 of 3rd period - Snap shot by Zack Kassian.
14:25 of 3rd period - Stopped by Pheonix Copley with a rebound.
14:27 of 3rd period - Snap shot by Alex Galchenyuk.
14:27 of 3rd period - Deflect By Victor Rask.
14:27 of 3rd period - Shot Misses the Net.
14:27 of 3rd period - Puck is out of play.
14:28 of 3rd period - Cole Sillinger wins face-off versus Gabriel Vilardi in Abbotsford Heat zone.
15:44 of 3rd period - Penalty to Ryan Merkley is over, Ryan Merkley is back on ice.
15:54 of 3rd period - Dennis Gilbert is hit by William Lagesson and loses puck.
16:01 of 3rd period - Snap shot by Jujhar Khaira.
16:01 of 3rd period - Stopped by Pheonix Copley without a rebound.
16:02 of 3rd period - Logan Brown wins face-off versus Jacob Peterson in Abbotsford Heat zone.
16:05 of 3rd period - Snap shot by Logan Brown.
16:05 of 3rd period - Shot Misses the Net.
16:07 of 3rd period - Slapshot by Yan Kuznetsov.
16:07 of 3rd period - Stopped by Pheonix Copley with a rebound.
16:09 of 3rd period - Snap shot by Jansen Harkins.
16:09 of 3rd period - Stopped by Pheonix Copley with a rebound.
16:11 of 3rd period - Slapshot by Justin Schultz.
16:11 of 3rd period - Stopped by Pheonix Copley without a rebound.
16:12 of 3rd period - Jacob Peterson wins face-off versus Logan Brown in Abbotsford Heat zone.
16:59 of 3rd period - Snap shot by Gabriel Fortier.
16:59 of 3rd period - Stopped by Lukas Dostal with a rebound.
17:01 of 3rd period - Wrist shot by Gabriel Fortier.
17:01 of 3rd period - Stopped by Lukas Dostal with a rebound.
17:03 of 3rd period - Snap shot by Benoit-Olivier Groulx.
17:03 of 3rd period - Deflect By Gabriel Fortier.
17:03 of 3rd period - Stopped by Lukas Dostal without a rebound.
17:04 of 3rd period - Filip Chlapik wins face-off versus Shane Bowers in Long Beach Ice Dogs zone.
17:15 of 3rd period - Jujhar Khaira is hit by Ryan Merkley and loses puck.
17:40 of 3rd period - Bobby Brink is hit by Justin Schultz and loses puck.
18:44 of 3rd period - Off-side.
18:45 of 3rd period - Yakov Trenin wins face-off versus Gabriel Vilardi in neutral zone.
19:06 of 3rd period - Gabriel Vilardi is hit by Cole Sillinger and loses puck.
19:17 of 3rd period - Wrist shot by Brendan Gallagher.
19:17 of 3rd period - Stopped by Pheonix Copley with a rebound.
Goals for this period are 1 for Long Beach Ice Dogs vs 1 for Abbotsford Heat.
Shots for this period are 16 for Long Beach Ice Dogs vs 12 for Abbotsford Heat.
Back to the Top